 Dungeon Crawl Stone Soup version 0.30.0-5-g1a98f26d00 (webtiles) character file.

Game seed: 3815896424597783050

165 SnakkuSnakku7 the Changer (level 5, -7/28 HPs)
             Began as a Deep Elf Transmuter on May 11, 2023.
             Killed from afar by Natasha (10 damage)
             ... with a magic dart
             ... on level 2 of the Dungeon.
             The game lasted 00:04:17 (1517 turns).

SnakkuSnakku7 the Changer (Deep Elf Transmuter)     Turns: 1517, Time: 00:04:17

Health: -7/28      AC:  4    Str:  7    XL:     5   Next: 21%
Magic:  11/11      EV: 12    Int: 20    God:
Gold:   71         SH:  0    Dex: 15    Spells: 5/10 levels left

rFire   . .          .
                       - Unarmed
rCold   . . .        (no shield)
rNeg    + . .        i - +2 robe {rN+}
rPois   .            (helmet currently unavailable)
rElec   .            (no cloak)
rCorr   +            (no gloves)
SInv    .            (boots currently unavailable)
Will    .....        (no amulet)
Stlth   +            j - ring of resist corrosion
HPRegen 0.24/turn    (no ring)
MPRegen 0.12/turn

%: no passive effects
@: appendages (expiring)
A: horns 2, talons 2
a: End Transformation


You were on level 2 of the Dungeon.
You had temporarily grown beastly horns and talons.
You visited 1 branch of the dungeon, and saw 3 of its levels.

You collected 71 gold pieces.

Inventory:

Armour
 i - a +2 robe of positive energy (worn)
Jewellery
 j - a ring of resist corrosion (left hand)
Scrolls
 d - a scroll of torment {unknown}
 g - 2 scrolls of enchant armour
 k - 2 scrolls of poison {unknown}
 l - a scroll of vulnerability {unknown}
Potions
 b - 2 potions of degeneration {unknown}
 c - 3 potions of curing {unknown}
 e - a potion of resistance
 f - a potion of brilliance
 h - 4 potions of haste {unknown}


   Skills:
 - Level 0.7 Fighting
 - Level 2.4 Dodging
 - Level 3.4 Unarmed Combat
 - Level 3.0 Spellcasting
 + Level 4.5 Transmutations
 + Level 2.0 Ice Magic


You had 5 spell levels left.
You knew the following spells:

 Your Spells              Type           Power      Damage    Failure   Level
a - Beastly Appendage     Tmut           42%        N/A       2%          1
b - Ice Form              Ice/Tmut       16%        N/A       36%         4

Your spell library contained the following spells:

 Spells                   Type           Power      Damage    Failure   Level
 Wereblood                Tmut           21%        N/A       3%          2
 Apportation              Tloc           6%         N/A       14%         1
 Spider Form              Tmut/Pois      12%        N/A       17%         3
 Alistair's Intoxication  Tmut/Pois      8%         N/A       83%         5


Dungeon Overview and Level Annotations

Branches:
Dungeon (3/15)

Altars:

Shops:
D:1 :

Annotations:
D:2 Natasha
D:3 Sigmund


Innate Abilities, Weirdness & Mutations

You have temporarily grown beastly horns and talons.


Message History

The adder barely misses you.
There is a stone staircase leading up here.
The adder bites you.
You are poisoned.
The adder poisons you!
You climb upwards.
You feel sick.
There is a stone staircase leading down here.
You are too injured to fight recklessly!
You are too injured to fight recklessly!
You are too injured to fight recklessly!
You are too injured to fight recklessly!
You are too injured to fight recklessly!
You hit the adder. Your headbutt misses the adder.
The adder is severely wounded.
You feel sick. The adder bites you.
You are more poisoned.
The adder poisons you!
You miss the adder.
The adder is severely wounded.
You feel sick. The adder barely misses you.
You barely miss the adder.
The adder is severely wounded.
* * * LOW HITPOINT WARNING * * *
You feel sick. The adder bites you but does no damage.
The adder closely misses you.
You closely miss the adder. You claw the adder.
You kill the adder!
You feel sick.
Your Ice Magic skill increases to level 2!
You start resting.
* * * LOW HITPOINT WARNING * * *
You feel sick.
You start resting.
You feel sick. x4
You are no longer poisoned.
You start resting.
Natasha, Servant of Life and Death comes into view.
Your transformation is almost over.
Natasha casts a spell at you. The magic dart hits you!
You die...

......###......###.#.............
...........†..........#....##....
........#..................##....
.....##....................##....
.....####......###.#....#........
###### #......# #..............#
####..## #.##.#........## #####
#..####.##)..>........ #...##
#..#>@...<)#..##...#.# .....##
#..#.#.........##..#.. ......#
####..#.....#.#.#.##..###
......###.........###.#.#.##.## #
..........#.##h.#..##.#.#.##.####
.......().......##....#.#.#......
......####.#..........#.........#
>.....#.........##..............#
......#..[....####.........).....


You could see Natasha.

Vanquished Creatures
  Jessica (D:2)
  Natasha (twice) (D:2)
  4 adders
  4 bats
  2 endoplasms
  3 giant cockroaches (D:2)
  6 goblins
  3 hobgoblins
  6 jackals
  4 kobolds
  5 quokkas
  4 ball pythons
  A frilled lizard (D:2)
  7 rats
52 creatures vanquished.

Notes
Turn   | Place    | Note
-------+----------+-------------------------------------------
     0 | D:1      | SnakkuSnakku7 the Deep Elf Transmuter began the quest for
                  | the Orb.
     0 | D:1      | Reached XP level 1. HP: 11/11 MP: 6/6
     1 | D:1      | Noticed an electric eel
   112 | D:1      | Reached XP level 2. HP: 16/16 MP: 6/8
   379 | D:1      | Reached skill level 3 in Transmutations
   386 | D:1      | Found Utoec's Book Shoppe.
   689 | D:2      | Reached XP level 3. HP: 20/20 MP: 7/9
   778 | D:2      | Noticed Jessica
   794 | D:2      | Killed Jessica
   800 | D:2      | Reached XP level 4. HP: 24/24 MP: 10/10
   889 | D:2      | Noticed Natasha
   923 | D:1      | Learned a level 4 spell: Ice Form
  1024 | D:2      | Reached skill level 4 in Transmutations
  1094 | D:2      | Killed Natasha
  1095 | D:2      | Reached skill level 1 in Ice Magic
  1397 | D:2      | Noticed Natasha
  1408 | D:2      | Killed Natasha
  1409 | D:2      | Reached XP level 5. HP: 21/28 MP: 11/11
  1490 | D:3      | Noticed Sigmund
  1516 | D:2      | Noticed Natasha
  1517 | D:2      | Killed from afar by Natasha

Illustrated notes

Levels and vault maps discovered:
D:1:      arrival_aquarium_a, layout_basic, serial_shops, shop,
          chequers_serial_rivers_large_a
D:2:      layout_rooms, uniq_natasha, uniq_jessica
D:3:      layout_basic, serial_rivers, chequers_serial_rivers_room_a,
          chequers_serial_rivers_small_a, chequers_serial_rivers_small_3,
          chequers_serial_rivers_micro_c, uniq_sigmund

Skill      XL: |  1  2  3  4  5 |
---------------+----------------+-----
Transmutations | 3 4 |  4.5
Unarmed Combat | 3 |  3.4
Ice Magic      | 1 2 |  2.0
Fighting       | |  0.7
Dodging        | |  2.4
Spellcasting   | |  3.0

Action                     |  1- 3 |  4- 6 || total
---------------------------+-------+-------++-------
  Melee: Unarmed           |    87 |    85 ||   172
         Kick              |    20 |    14 ||    34
         Headbutt          |     4 |    13 ||    17
         Punch             |     1 |       ||     1
   Cast: Beastly Appendage |    15 |    10 ||    25
    Use: Potion            |     1 |       ||     1
         Scroll            |       |     3 ||     3
   Stab: Sleeping          |     1 |       ||     1
 Armour: Robe              |    14 |    28 ||    42
         Skin              |     4 |       ||     4
  Dodge: Dodged            |    54 |    65 ||   119
